Penguins vs Crunch
(R1)
Created - November 10, 2022 at 19:23
Goals
|
| Penguins |
3 |
0 |
0 |
1 |
4 |
| Crunch |
1 |
1 |
1 |
0 |
3 |
|
Shots
|
| Penguins |
13 |
13 |
10 |
1 |
37 |
| Crunch |
15 |
8 |
8 |
2 |
33 |
|
1st period
1. Penguins , Anthony Beauvillier 2 (Iven Barbashev 2, Adam Brooks 1) at 4:56
2. Penguins , Adam Brooks 1 (Gavin Bayreuther 2, Iven Barbashev 3) at 12:53 (PP)
3. Penguins , Kyle Connor 1 (Dakota Mermis 1) at 13:08
4. Crunch , Denis Gurianov 2 (Jacob Josefson 2, Brandon Hagel 1) at 16:19
Penalties :
Teemu Hartikainen (Syr) for High sticking (Minor) at 10:59
2nd period
5. Crunch , Jacob Josefson 2 (Teemu Hartikainen 4, Jordan Oesterle 4) at 9:58 (PP)
Penalties :
Cedric Paquette (Wil) for Tripping (Minor) at 3:10, Adam Brooks (Wil) for Hooking (Minor) at 9:23, Teemu Hartikainen (Syr) for Roughing (Minor) at 10:05, Adam Brooks (Wil) for Roughing (Double Minor) at 12:59, Michael Ferland (Syr) for Holding (Minor) at 18:50
3rd period
6. Crunch , Roland McKeown 3 (Teemu Hartikainen 5, Christoffer Ehn 6) at 11:43
Penalties :
Jordan Oesterle (Syr) for Interference (Minor) at 13:06, Cedric Paquette (Wil) for High sticking (Minor) at 17:08
Overtime #1
7. Penguins , Cedric Paquette 2 (Gavin Bayreuther 3, Kyle Connor 2) at 4:08
Penalties :
No Penalty
Goalie Stats
Connor Hellebyuk (Wil), 30 saves from 33 shots - (0.909), W, 1-0-0, 64:08 minutes
Kaapo Kahkonen (Syr), 33 saves from 37 shots - (0.892), OTL, 0-4-1, 64:08 minutes
Players Stats for Penguins
Player Name G A P +/- PIM S H SB GA TA FO MP PP MP PK MP
------------------------------------------------------------------------------------
Adam Brooks 1 1 2 0 6 1 2 0 0 0 8/22 15:59 3:52 0:00
Andrew O'Brien 0 0 0 0 0 1 1 3 1 1 0/0 29:12 4:32 5:03
Anthony Beauvillier 1 0 1 0 0 3 2 0 0 1 0/0 15:01 3:52 0:00
Cedric Paquette 1 0 1 2 4 4 3 0 0 0 17/41 24:20 3:59 2:05
Curtis Hamilton 0 0 0 0 0 0 2 0 0 0 0/0 12:04 0:00 2:19
Dakota Mermis 0 1 1 0 0 4 0 1 0 1 0/0 29:12 4:32 5:03
Danny Biega 0 0 0 0 0 0 3 3 0 1 0/0 22:56 3:19 3:04
Denis Malgin 0 0 0 -1 0 2 0 1 0 0 2/3 8:30 0:00 1:08
Eetu Luostarinen 0 0 0 0 0 0 2 0 0 1 1/2 12:41 0:00 3:30
Evan Rodrigues 0 0 0 1 0 2 1 1 3 0 0/0 20:12 3:59 0:00
Gavin Bayreuther 0 2 2 0 0 3 1 0 0 1 0/0 23:19 3:19 2:46
Iven Barbashev 0 2 2 0 0 6 1 0 0 1 3/6 20:18 3:52 3:32
Jeff Malott 0 0 0 -1 0 0 0 0 0 0 0/0 6:41 0:00 0:00
John Marino 0 0 0 1 0 0 1 1 0 1 0/0 12:23 0:00 0:48
Kyle Connor 1 1 2 2 0 9 4 0 1 0 1/1 26:17 3:59 4:30
Matthew Finn 0 0 0 1 0 0 0 0 0 1 0/0 11:14 0:00 0:20
Max Gortz 0 0 0 0 0 1 1 0 0 1 0/0 9:59 0:00 0:00
Sam Kurker 0 0 0 -1 0 1 0 0 0 0 0/0 7:38 0:00 0:00
Players Stats for Crunch
Player Name G A P +/- PIM S H SB GA TA FO MP PP MP PK MP
------------------------------------------------------------------------------------
Anatoli Golyshev 0 0 0 0 0 0 0 0 0 0 0/0 0:00 0:00 0:00
Anthony Cirelli 0 0 0 1 0 2 3 0 1 1 1/3 19:37 4:25 0:00
Axel Holmstrom 0 0 0 -1 0 0 3 0 2 0 3/6 11:34 0:28 0:56
Brandon Hagel 0 1 1 0 0 3 1 1 0 0 1/1 15:51 4:22 0:00
Charles-Olivier Roussel 0 0 0 1 0 1 0 0 0 1 0/0 12:01 0:27 0:00
Christoffer Ehn 0 1 1 0 0 0 1 1 0 0 25/43 26:51 4:22 5:43
Connor Bunnaman 0 0 0 0 0 0 0 0 0 0 5/5 8:13 0:00 0:00
Denis Gurianov 1 0 1 0 0 3 0 0 1 0 1/1 14:04 3:29 0:00
Jacob Josefson 1 1 2 0 0 2 1 1 2 0 4/9 16:35 3:32 1:12
Jeremy Lauzon 0 0 0 -2 0 1 0 1 1 0 0/0 23:22 3:56 3:03
Joel Vermin 0 0 0 -1 0 3 0 0 0 0 0/0 10:05 0:25 0:00
Jordan Oesterle 0 1 1 -2 2 3 4 1 0 1 0/0 21:58 4:05 2:04
Max McCormick 0 0 0 0 0 1 0 1 0 0 0/0 8:13 0:00 0:00
Michael Ferland 0 0 0 -1 2 5 0 2 0 0 0/1 15:22 0:41 3:29
Nikita Gusev 0 0 0 0 0 0 0 1 0 0 0/0 2:24 0:20 1:45
Noah Hanifin 0 0 0 0 0 1 1 3 0 1 0/0 28:54 4:18 4:48
Rem Pitlick 0 0 0 0 0 3 0 0 1 0 0/1 8:13 0:00 0:00
Roland McKeown 1 0 1 0 0 4 1 2 0 1 0/0 29:22 4:18 4:48
Sean Walker 0 0 0 1 0 0 0 0 1 0 0/0 12:46 0:00 0:59
Teemu Hartikainen 0 2 2 0 4 1 0 1 1 0 3/5 23:12 3:32 2:37
3 Stars
1 - Kyle Connor (Wil)
2 - Jacob Josefson (Syr)
3 - Anthony Beauvillier (Wil)
Power Play
Penguins - 1 on 4 Attempt(s) - 25.00%
Crunch - 1 on 5 Attempt(s) - 20.00%
Penalty Kill
Penguins - 4 on 5 Attempt(s) - 80.00%
- Score 0 goal in Penalty Kill
Crunch - 3 on 4 Attempt(s) - 75.00%
- Score 0 goal in Penalty Kill
Team Stat
Penguins - Hits : 24 - Faceoff Wins : 32 - Blocked Shots : 10 - Penalty Minutes : 10
Crunch - Hits : 15 - Faceoff Wins : 43 - Blocked Shots : 15 - Penalty Minutes : 8
Official
Referees : Kendrick Nicholson and Garrett Rank
Linesman : Matt MacPherson and Kiel Murchison
Game Notes
No Game Note
Finance
Level 1 -- Attendance: 1718 (85.90%) -- Ticket Income $60,130
Level 2 -- Attendance: 867 (86.70%) -- Ticket Income $13,005
Total Attendance: 2585 (86.17%)
Total Ticket Income: $73,135
Other Income: $3,657
Total Income: $76,792
Penguins
5 vs 5 Forward
Center Left Wing Right Wing Time % Phy DF OF
1 Cedric Paquette Kyle Connor Evan Rodrigues 40 1 2 2
2 Adam Brooks Iven Barbashev Anthony Beauvillier 30 1 2 2
3 Eetu Luostarinen Curtis Hamilton Max Gortz 20 1 2 2
4 Denis Malgin Jeff Malott Sam Kurker 10 1 2 2
5 vs 5 Defense
Defense Defense Time % Phy DF OF
1 Andrew O'Brien Dakota Mermis 40 1 2 2
2 Gavin Bayreuther Danny Biega 30 1 2 2
3 John Marino Matthew Finn 20 1 2 2
4 Andrew O'Brien Dakota Mermis 10 1 2 2
PowerPlay Forward
Center Left Wing Right Wing Time % Phy DF OF
1 Cedric Paquette Kyle Connor Evan Rodrigues 60 1 2 2
2 Adam Brooks Iven Barbashev Anthony Beauvillier 40 1 2 2
PowerPlay Defense
Defense Defense Time % Phy DF OF
1 Andrew O'Brien Dakota Mermis 60 1 2 2
2 Gavin Bayreuther Danny Biega 40 1 2 2
Penalty Kill 4 Players Forward
Center Wing Time % Phy DF OF
1 Cedric Paquette Kyle Connor 60 1 2 2
2 Adam Brooks Iven Barbashev 40 1 2 2
Penalty Kill 4 Players Defense
Defense Defense Time % Phy DF OF
1 Andrew O'Brien Dakota Mermis 60 1 2 2
2 Gavin Bayreuther Danny Biega 40 1 2 2
Penalty Kill - 3 Players Forward
Forward Time % Phy DF OF
1 Cedric Paquette 60 1 2 2
2 Adam Brooks 40 1 2 2
Penalty Kill - 3 Players Defense
Defense Defense Time % Phy DF OF
1 Andrew O'Brien Dakota Mermis 60 1 2 2
2 Gavin Bayreuther Danny Biega 40 1 2 2
4 vs 4 Forward
Center Wing Time % Phy DF OF
1 Cedric Paquette Kyle Connor 60 1 2 2
2 Adam Brooks Iven Barbashev 40 1 2 2
4 vs 4 Defense
Defense Defense Time % Phy DF OF
1 Andrew O'Brien Dakota Mermis 60 1 2 2
2 Gavin Bayreuther Danny Biega 40 1 2 2
Last Minutes Offensive
Center Left Wing Right Wing Defense Defense
Cedric Paquette Kyle Connor Evan Rodrigues Andrew O'Brien Dakota Mermis
Last Minutes Defensive
Center Left Wing Right Wing Defense Defense
Cedric Paquette Kyle Connor Evan Rodrigues Andrew O'Brien Dakota Mermis
Goaltenders
Starting : Connor Hellebyuk
Backup : Jeremy Swayman
Extra Forwards
Normal : Iven Barbashev, Max Gortz, Sam Kurker - PP : Iven Barbashev, Max Gortz - PK : Iven Barbashev
Extra Defensemen
Normal : Danny Biega, John Marino, Matthew Finn - PP : Danny Biega - PK : Danny Biega, John Marino
Penalty Shots
Evan Rodrigues, Kyle Connor, Cedric Paquette, Anthony Beauvillier, Iven Barbashev
Scratches
Brett Pollock (Healthy), Josh Ho-Sang (Healthy), Juuso Ikonen (Healthy), Austin Strand (Healthy), Raphael Bussieres (Healthy)
Steven Spinner (Healthy), German Rubtsov (Healthy), Anthony Stolarz (Healthy)
Crunch
5 vs 5 Forward
Center Left Wing Right Wing Time % Phy DF OF
1 Christoffer Ehn Teemu Hartikainen Anthony Cirelli 40 1 2 2
2 Jacob Josefson Brandon Hagel Denis Gurianov 30 1 2 2
3 Axel Holmstrom Michael Ferland Joel Vermin 20 1 2 2
4 Connor Bunnaman Rem Pitlick Max McCormick 10 1 2 2
5 vs 5 Defense
Defense Defense Time % Phy DF OF
1 Roland McKeown Noah Hanifin 40 1 2 2
2 Jordan Oesterle Jeremy Lauzon 30 1 2 2
3 Sean Walker Charles-Olivier Roussel 20 1 2 2
4 Roland McKeown Noah Hanifin 10 1 2 2
PowerPlay Forward
Center Left Wing Right Wing Time % Phy DF OF
1 Christoffer Ehn Brandon Hagel Anthony Cirelli 60 1 2 2
2 Jacob Josefson Teemu Hartikainen Denis Gurianov 40 1 2 2
PowerPlay Defense
Defense Defense Time % Phy DF OF
1 Roland McKeown Noah Hanifin 60 1 2 2
2 Jordan Oesterle Jeremy Lauzon 40 1 2 2
Penalty Kill 4 Players Forward
Center Wing Time % Phy DF OF
1 Christoffer Ehn Teemu Hartikainen 60 1 2 2
2 Jacob Josefson Michael Ferland 40 1 2 2
Penalty Kill 4 Players Defense
Defense Defense Time % Phy DF OF
1 Roland McKeown Noah Hanifin 60 1 2 2
2 Jordan Oesterle Jeremy Lauzon 40 1 2 2
Penalty Kill - 3 Players Forward
Forward Time % Phy DF OF
1 Christoffer Ehn 60 1 2 2
2 Anthony Cirelli 40 1 2 2
Penalty Kill - 3 Players Defense
Defense Defense Time % Phy DF OF
1 Roland McKeown Noah Hanifin 60 1 2 2
2 Jordan Oesterle Jeremy Lauzon 40 1 2 2
4 vs 4 Forward
Center Wing Time % Phy DF OF
1 Christoffer Ehn Teemu Hartikainen 60 1 2 2
2 Jacob Josefson Anthony Cirelli 40 1 2 2
4 vs 4 Defense
Defense Defense Time % Phy DF OF
1 Roland McKeown Noah Hanifin 60 1 2 2
2 Jordan Oesterle Jeremy Lauzon 40 1 2 2
Last Minutes Offensive
Center Left Wing Right Wing Defense Defense
Christoffer Ehn Brandon Hagel Anthony Cirelli Roland McKeown Noah Hanifin
Last Minutes Defensive
Center Left Wing Right Wing Defense Defense
Christoffer Ehn Teemu Hartikainen Anthony Cirelli Roland McKeown Noah Hanifin
Goaltenders
Starting : Kaapo Kahkonen
Backup : Jordan Binnington
Extra Forwards
Normal : Michael Ferland, Brandon Hagel, Jacob Josefson - PP : Michael Ferland, Brandon Hagel - PK : Michael Ferland
Extra Defensemen
Normal : Jeremy Lauzon, Sean Walker, Charles-Olivier Roussel - PP : Jeremy Lauzon - PK : Jeremy Lauzon, Sean Walker
Penalty Shots
Teemu Hartikainen, Anthony Cirelli, Denis Gurianov, Christoffer Ehn, Michael Ferland
Scratches
Blake Lizotte (Healthy), Michael Downing (Healthy), Blake Hillman (Healthy), Josef Korenar (Healthy)
% Time on Ice - Penguins
Lines # - Real PCT - Wanted PCT - Time Play
Normal Forward
1 - 38% - 40% - 16:28
2 - 27% - 30% - 11:38
3 - 20% - 20% - 8:50
4 - 15% - 10% - 6:41
Normal Defense
1 - 37% - 40% - 16:04
2 - 36% - 30% - 15:46
3 - 24% - 20% - 10:17
4 - 3% - 10% - 1:30
PP Forward
1 - 51% - 60% - 3:59
2 - 49% - 40% - 3:52
PP Defense
1 - 58% - 60% - 4:32
2 - 42% - 40% - 3:19
PK Forward
1 - 82% - 60% - 7:00
2 - 18% - 40% - 1:32
PK Defense
1 - 63% - 60% - 5:23
2 - 37% - 40% - 3:09
PK3 Forward
1 - 0% - 60%
2 - 0% - 40%
PK3 Defense
1 - 0% - 60%
2 - 0% - 40%
44 Forward
1 - 88% - 60% - 3:37
2 - 13% - 40% - 0:31
44 Defense
1 - 65% - 60% - 2:40
2 - 35% - 40% - 1:28
Last Minute Offensive - 0:00
Last Minute Defensive - 0:00
Total
Forward - 64:08
Defense - 64:08
|
% Time on Ice - Crunch
Lines # - Real PCT - Wanted PCT - Time Play
Normal Forward
1 - 34% - 40% - 14:58
2 - 25% - 30% - 10:46
3 - 22% - 20% - 9:40
4 - 19% - 10% - 8:13
Normal Defense
1 - 38% - 40% - 16:36
2 - 33% - 30% - 14:17
3 - 26% - 20% - 11:31
4 - 3% - 10% - 1:13
PP Forward
1 - 57% - 60% - 4:50
2 - 43% - 40% - 3:42
PP Defense
1 - 50% - 60% - 4:18
2 - 50% - 40% - 4:14
PK Forward
1 - 85% - 60% - 6:39
2 - 15% - 40% - 1:12
PK Defense
1 - 61% - 60% - 4:48
2 - 39% - 40% - 3:03
PK3 Forward
1 - 0% - 60%
2 - 0% - 40%
PK3 Defense
1 - 0% - 60%
2 - 0% - 40%
44 Forward
1 - 85% - 60% - 3:32
2 - 15% - 40% - 0:36
44 Defense
1 - 49% - 60% - 2:02
2 - 51% - 40% - 2:06
Last Minute Offensive - 0:00
Last Minute Defensive - 0:00
Total
Forward - 64:08
Defense - 64:08
|
Play-by-Play
1st period
0:01 of 1st period - Cedric Paquette wins face-off versus Christoffer Ehn in neutral zone.
0:49 of 1st period - Roland McKeown is hit by Cedric Paquette and loses puck.
1:10 of 1st period - Slapshot by Noah Hanifin.
1:10 of 1st period - Shot Misses the Net.
1:12 of 1st period - Slapshot by Noah Hanifin.
1:12 of 1st period - Stopped by Connor Hellebyuk with a rebound.
1:14 of 1st period - Wrist shot by Joel Vermin.
1:14 of 1st period - Shot Misses the Net.
1:16 of 1st period - Wrist shot by Joel Vermin.
1:16 of 1st period - Stopped by Connor Hellebyuk without a rebound.
1:17 of 1st period - Jacob Josefson wins face-off versus Adam Brooks in Penguins zone.
1:20 of 1st period - Wrist shot by Brandon Hagel.
1:20 of 1st period - Shot Blocked by Andrew O'Brien.
1:26 of 1st period - Jacob Josefson is hit by Anthony Beauvillier and loses puck.
2:04 of 1st period - Off-side.
2:05 of 1st period - Denis Malgin wins face-off versus Rem Pitlick in neutral zone.
2:07 of 1st period - Off-side.
2:08 of 1st period - Connor Bunnaman wins face-off versus Denis Malgin in neutral zone.
3:03 of 1st period - Slapshot by Dakota Mermis.
3:03 of 1st period - Shot Blocked by Teemu Hartikainen.
3:05 of 1st period - Snap shot by Eetu Luostarinen.
3:05 of 1st period - Shot Misses the Net.
3:37 of 1st period - Backhand shot by Max McCormick.
3:37 of 1st period - Stopped by Connor Hellebyuk with a rebound.
3:39 of 1st period - Slapshot by Charles-Olivier Roussel.
3:39 of 1st period - Shot Blocked by Denis Malgin.
3:41 of 1st period - Wrist shot by Rem Pitlick.
3:41 of 1st period - Stopped by Connor Hellebyuk without a rebound.
3:42 of 1st period - Christoffer Ehn wins face-off versus Adam Brooks in Penguins zone.
4:07 of 1st period - Roland McKeown is hit by John Marino and loses puck.
4:52 of 1st period - Snap shot by Adam Brooks.
4:52 of 1st period - Shot Misses the Net.
4:54 of 1st period - Snap shot by Iven Barbashev.
4:54 of 1st period - Stopped by Kaapo Kahkonen with a rebound.
4:56 of 1st period - Wrist shot by Anthony Beauvillier.
4:56 of 1st period - Goal by Anthony Beauvillier - Penguins : 1 - Crunch : 0.
4:57 of 1st period - Christoffer Ehn wins face-off versus Adam Brooks in neutral zone.
5:27 of 1st period - Snap shot by Denis Gurianov.
5:27 of 1st period - Stopped by Connor Hellebyuk without a rebound.
5:28 of 1st period - Christoffer Ehn wins face-off versus Eetu Luostarinen in Penguins zone.
5:53 of 1st period - Jordan Oesterle is hit by Danny Biega and loses puck.
7:26 of 1st period - Snap shot by Jacob Josefson.
7:26 of 1st period - Stopped by Connor Hellebyuk with a rebound.
7:28 of 1st period - Slapshot by Roland McKeown.
7:28 of 1st period - Stopped by Connor Hellebyuk with a rebound.
7:30 of 1st period - Snap shot by Brandon Hagel.
7:30 of 1st period - Stopped by Connor Hellebyuk without a rebound.
7:31 of 1st period - Christoffer Ehn wins face-off versus Cedric Paquette in Penguins zone.
7:38 of 1st period - Wrist shot by Christoffer Ehn.
7:38 of 1st period - Shot Misses the Net.
7:40 of 1st period - Wrist shot by Anthony Cirelli.
7:40 of 1st period - Deflect By Christoffer Ehn.
7:40 of 1st period - Shot Misses the Net.
7:40 of 1st period - Puck is out of play.
7:41 of 1st period - Cedric Paquette wins face-off versus Teemu Hartikainen in Penguins zone.
7:50 of 1st period - Sean Walker is hit by Cedric Paquette and loses puck.
8:05 of 1st period - Snap shot by Teemu Hartikainen.
8:05 of 1st period - Stopped by Connor Hellebyuk without a rebound.
8:06 of 1st period - Adam Brooks wins face-off versus Jacob Josefson in Penguins zone.
8:15 of 1st period - Wrist shot by Anthony Beauvillier.
8:15 of 1st period - Shot Blocked by Noah Hanifin.
8:31 of 1st period - Michael Ferland is hit by Max Gortz and loses puck.
8:36 of 1st period - Slapshot by Gavin Bayreuther.
8:36 of 1st period - Shot Misses the Net.
8:50 of 1st period - Jordan Oesterle is hit by Danny Biega and loses puck.
9:17 of 1st period - Off-side.
9:18 of 1st period - Adam Brooks wins face-off versus Jacob Josefson in neutral zone.
9:21 of 1st period - Snap shot by Dakota Mermis.
9:21 of 1st period - Shot Blocked by Jacob Josefson.
9:23 of 1st period - Slapshot by Andrew O'Brien.
9:23 of 1st period - Stopped by Kaapo Kahkonen with a rebound.
9:45 of 1st period - Andrew O'Brien is hit by Christoffer Ehn and loses puck.
10:13 of 1st period - Wrist shot by Max Gortz.
10:13 of 1st period - Shot Blocked by Michael Ferland.
10:15 of 1st period - Snap shot by Curtis Hamilton.
10:15 of 1st period - Shot Misses the Net.
10:17 of 1st period - Snap shot by Dakota Mermis.
10:17 of 1st period - Stopped by Kaapo Kahkonen with a rebound.
10:19 of 1st period - Slapshot by Andrew O'Brien.
10:19 of 1st period - Deflect By Max Gortz.
10:19 of 1st period - Stopped by Kaapo Kahkonen with a rebound.
10:35 of 1st period - Slapshot by Charles-Olivier Roussel.
10:35 of 1st period - Deflect By Rem Pitlick.
10:35 of 1st period - Shot Blocked by John Marino.
10:35 of 1st period - Puck is out of play.
10:36 of 1st period - Connor Bunnaman wins face-off versus Cedric Paquette in Penguins zone.
10:37 of 1st period - Snap shot by Rem Pitlick.
10:37 of 1st period - Stopped by Connor Hellebyuk without a rebound.
10:38 of 1st period - Cedric Paquette wins face-off versus Christoffer Ehn in Penguins zone.
10:59 of 1st period - Minor Penalty to Teemu Hartikainen for High sticking.
11:00 of 1st period - Christoffer Ehn wins face-off versus Cedric Paquette in Crunch zone.
11:34 of 1st period - Off-side.
11:35 of 1st period - Adam Brooks wins face-off versus Christoffer Ehn in neutral zone.
11:37 of 1st period - Off-side.
11:38 of 1st period - Christoffer Ehn wins face-off versus Adam Brooks in neutral zone.
12:07 of 1st period - Snap shot by Iven Barbashev.
12:07 of 1st period - Shot Misses the Net.
12:09 of 1st period - Slapshot by Gavin Bayreuther.
12:09 of 1st period - Stopped by Kaapo Kahkonen with a rebound.
12:11 of 1st period - Wrist shot by Gavin Bayreuther.
12:11 of 1st period - Deflect By Christoffer Ehn.
12:11 of 1st period - Stopped by Kaapo Kahkonen with a rebound.
12:13 of 1st period - Wrist shot by Anthony Beauvillier.
12:13 of 1st period - Shot Misses the Net.
12:17 of 1st period - Slapshot by Gavin Bayreuther.
12:17 of 1st period - Shot Blocked by Christoffer Ehn.
12:19 of 1st period - Slapshot by Gavin Bayreuther.
12:19 of 1st period - Shot Blocked by Jordan Oesterle.
12:49 of 1st period - Wrist shot by Iven Barbashev.
12:49 of 1st period - Shot Blocked by Roland McKeown.
12:51 of 1st period - Slapshot by Gavin Bayreuther.
12:51 of 1st period - Deflect By Roland McKeown.
12:51 of 1st period - Stopped by Kaapo Kahkonen with a rebound.
12:53 of 1st period - Slapshot by Adam Brooks.
12:53 of 1st period - Goal by Adam Brooks - Penguins : 2 - Crunch : 0.
12:54 of 1st period - Denis Gurianov wins face-off versus Cedric Paquette in neutral zone.
13:03 of 1st period - Roland McKeown is hit by Andrew O'Brien and loses puck.
13:08 of 1st period - Wrist shot by Kyle Connor.
13:08 of 1st period - Goal by Kyle Connor - Penguins : 3 - Crunch : 0.
13:09 of 1st period - Cedric Paquette wins face-off versus Christoffer Ehn in neutral zone.
13:14 of 1st period - Backhand shot by Evan Rodrigues.
13:14 of 1st period - Stopped by Kaapo Kahkonen without a rebound.
13:15 of 1st period - Cedric Paquette wins face-off versus Christoffer Ehn in Crunch zone.
13:30 of 1st period - Wrist shot by Kyle Connor.
13:30 of 1st period - Shot Blocked by Noah Hanifin.
13:54 of 1st period - Snap shot by Christoffer Ehn.
13:54 of 1st period - Shot Hit the Post.
13:56 of 1st period - Snap shot by Teemu Hartikainen.
13:56 of 1st period - Shot Misses the Net.
13:58 of 1st period - Wrist shot by Anthony Cirelli.
13:58 of 1st period - Stopped by Connor Hellebyuk without a rebound.
13:59 of 1st period - Jacob Josefson wins face-off versus Adam Brooks in Penguins zone.
14:06 of 1st period - Slapshot by Iven Barbashev.
14:06 of 1st period - Shot Misses the Net.
14:26 of 1st period - Axel Holmstrom is hit by Cedric Paquette.
14:58 of 1st period - Connor Bunnaman is hit by Eetu Luostarinen and loses puck.
15:17 of 1st period - Slapshot by Denis Malgin.
15:17 of 1st period - Stopped by Kaapo Kahkonen without a rebound.
15:18 of 1st period - Teemu Hartikainen wins face-off versus Adam Brooks in Crunch zone.
16:17 of 1st period - Wrist shot by Denis Gurianov.
16:17 of 1st period - Stopped by Connor Hellebyuk with a rebound.
16:19 of 1st period - Wrist shot by Denis Gurianov.
16:19 of 1st period - Goal by Denis Gurianov - Penguins : 3 - Crunch : 1.
16:20 of 1st period - Christoffer Ehn wins face-off versus Adam Brooks in neutral zone.
16:32 of 1st period - Off-side.
16:33 of 1st period - Cedric Paquette wins face-off versus Christoffer Ehn in neutral zone.
16:36 of 1st period - Slapshot by Evan Rodrigues.
16:36 of 1st period - Deflect By Kyle Connor.
16:36 of 1st period - Stopped by Kaapo Kahkonen without a rebound.
16:37 of 1st period - Cedric Paquette wins face-off versus Christoffer Ehn in Crunch zone.
17:05 of 1st period - Off-side.
17:06 of 1st period - Brandon Hagel wins face-off versus Adam Brooks in neutral zone.
17:13 of 1st period - Slapshot by Denis Gurianov.
17:13 of 1st period - Shot Hit the Post.
17:15 of 1st period - Wrist shot by Brandon Hagel.
17:15 of 1st period - Stopped by Connor Hellebyuk with a rebound.
17:17 of 1st period - Slapshot by Brandon Hagel.
17:17 of 1st period - Stopped by Connor Hellebyuk without a rebound.
17:18 of 1st period - Kyle Connor wins face-off versus Anthony Cirelli in Penguins zone.
17:18 of 1st period - Kyle Connor is hit by Roland McKeown.
17:26 of 1st period - Noah Hanifin is hit by Kyle Connor and loses puck.
17:43 of 1st period - Roland McKeown is hit by Anthony Beauvillier and loses puck.
18:12 of 1st period - Wrist shot by Curtis Hamilton.
18:12 of 1st period - Shot Misses the Net.
18:24 of 1st period - Danny Biega is hit by Jordan Oesterle and loses puck.
18:43 of 1st period - Christoffer Ehn is hit by Iven Barbashev and loses puck.
19:05 of 1st period - Matthew Finn is hit by Brandon Hagel and loses puck.
19:28 of 1st period - Danny Biega is hit by Axel Holmstrom.
19:32 of 1st period - Joel Vermin is hit by Gavin Bayreuther and loses puck.
19:55 of 1st period - Snap shot by Jeff Malott.
19:55 of 1st period - Shot Misses the Net.
Goals for this period are 3 for Penguins vs 1 for Crunch.
Shots for this period are 13 for Penguins vs 15 for Crunch.
2nd period
0:01 of 2nd period - Teemu Hartikainen wins face-off versus Cedric Paquette in neutral zone.
0:26 of 2nd period - Denis Gurianov is hit by Adam Brooks.
1:22 of 2nd period - Off-side.
1:23 of 2nd period - Connor Bunnaman wins face-off versus Cedric Paquette in neutral zone.
1:49 of 2nd period - Anthony Cirelli is hit by Adam Brooks and loses puck.
2:14 of 2nd period - Snap shot by Michael Ferland.
2:14 of 2nd period - Stopped by Connor Hellebyuk with a rebound.
2:16 of 2nd period - Slapshot by Axel Holmstrom.
2:16 of 2nd period - Shot Misses the Net.
2:18 of 2nd period - Snap shot by Joel Vermin.
2:18 of 2nd period - Stopped by Connor Hellebyuk with a rebound.
2:20 of 2nd period - Snap shot by Michael Ferland.
2:20 of 2nd period - Shot Blocked by Danny Biega.
3:10 of 2nd period - Minor Penalty to Cedric Paquette for Tripping.
3:11 of 2nd period - Iven Barbashev wins face-off versus Christoffer Ehn in Penguins zone.
5:10 of 2nd period - Penalty to Cedric Paquette is over, Cedric Paquette is back on ice.
5:37 of 2nd period - Snap shot by Jordan Oesterle.
5:37 of 2nd period - Deflect By Rem Pitlick.
5:37 of 2nd period - Shot Blocked by Danny Biega.
5:37 of 2nd period - Puck is out of play.
5:38 of 2nd period - Cedric Paquette wins face-off versus Axel Holmstrom in Penguins zone.
5:49 of 2nd period - Snap shot by Kyle Connor.
5:49 of 2nd period - Stopped by Kaapo Kahkonen without a rebound.
5:50 of 2nd period - Axel Holmstrom wins face-off versus Adam Brooks in Crunch zone.
6:17 of 2nd period - Evan Rodrigues is hit by Anthony Cirelli and loses puck.
6:58 of 2nd period - Wrist shot by Max Gortz.
6:58 of 2nd period - Shot Misses the Net.
7:00 of 2nd period - Snap shot by Curtis Hamilton.
7:00 of 2nd period - Shot Misses the Net.
7:19 of 2nd period - Slapshot by Anthony Beauvillier.
7:19 of 2nd period - Shot Misses the Net.
7:46 of 2nd period - Slapshot by Cedric Paquette.
7:46 of 2nd period - Shot Blocked by Jeremy Lauzon.
7:48 of 2nd period - Snap shot by Dakota Mermis.
7:48 of 2nd period - Stopped by Kaapo Kahkonen with a rebound.
7:50 of 2nd period - Slapshot by Andrew O'Brien.
7:50 of 2nd period - Shot Misses the Net.
8:26 of 2nd period - Wrist shot by Rem Pitlick.
8:26 of 2nd period - Stopped by Connor Hellebyuk without a rebound.
8:27 of 2nd period - Connor Bunnaman wins face-off versus Cedric Paquette in Penguins zone.
9:21 of 2nd period - Snap shot by Roland McKeown.
9:21 of 2nd period - Stopped by Connor Hellebyuk with a rebound.
9:23 of 2nd period - Minor Penalty to Adam Brooks for Hooking.
9:24 of 2nd period - Christoffer Ehn wins face-off versus Cedric Paquette in Penguins zone.
9:25 of 2nd period - Slapshot by Jeremy Lauzon.
9:25 of 2nd period - Shot Misses the Net.
9:33 of 2nd period - Wrist shot by Christoffer Ehn.
9:33 of 2nd period - Shot Misses the Net.
9:35 of 2nd period - Snap shot by Jordan Oesterle.
9:35 of 2nd period - Deflect By Kyle Connor.
9:35 of 2nd period - Stopped by Connor Hellebyuk with a rebound.
9:58 of 2nd period - Wrist shot by Jacob Josefson.
9:58 of 2nd period - Goal by Jacob Josefson - Penguins : 3 - Crunch : 2.
9:59 of 2nd period - Cedric Paquette wins face-off versus Christoffer Ehn in neutral zone.
10:05 of 2nd period - Minor Penalty to Teemu Hartikainen for Roughing.
10:06 of 2nd period - Cedric Paquette wins face-off versus Michael Ferland in Crunch zone.
10:10 of 2nd period - Wrist shot by Evan Rodrigues.
10:10 of 2nd period - Deflect By Cedric Paquette.
10:10 of 2nd period - Stopped by Kaapo Kahkonen with a rebound.
10:47 of 2nd period - Off-side.
10:48 of 2nd period - Axel Holmstrom wins face-off versus Cedric Paquette in neutral zone.
10:51 of 2nd period - Evan Rodrigues is hit by Jordan Oesterle and loses puck.
11:00 of 2nd period - Slapshot by Gavin Bayreuther.
11:00 of 2nd period - Shot Blocked by Nikita Gusev.
11:02 of 2nd period - Wrist shot by Kyle Connor.
11:02 of 2nd period - Stopped by Kaapo Kahkonen without a rebound.
11:03 of 2nd period - Cedric Paquette wins face-off versus Christoffer Ehn in Crunch zone.
11:08 of 2nd period - Wrist shot by Evan Rodrigues.
11:08 of 2nd period - Stopped by Kaapo Kahkonen with a rebound.
11:10 of 2nd period - Slapshot by Dakota Mermis.
11:10 of 2nd period - Shot Misses the Net.
11:12 of 2nd period - Wrist shot by Kyle Connor.
11:12 of 2nd period - Stopped by Kaapo Kahkonen without a rebound.
11:13 of 2nd period - Christoffer Ehn wins face-off versus Cedric Paquette in Crunch zone.
11:24 of 2nd period - Slapshot by Cedric Paquette.
11:24 of 2nd period - Deflect By Evan Rodrigues.
11:24 of 2nd period - Shot Blocked by Roland McKeown.
11:24 of 2nd period - Puck is out of play.
11:25 of 2nd period - Cedric Paquette wins face-off versus Christoffer Ehn in Crunch zone.
11:34 of 2nd period - Wrist shot by Cedric Paquette.
11:34 of 2nd period - Stopped by Kaapo Kahkonen with a rebound.
11:38 of 2nd period - Wrist shot by Kyle Connor.
11:38 of 2nd period - Stopped by Kaapo Kahkonen without a rebound.
11:39 of 2nd period - Christoffer Ehn wins face-off versus Cedric Paquette in Crunch zone.
11:45 of 2nd period - Icing by Kyle Connor.
11:46 of 2nd period - Cedric Paquette wins face-off versus Christoffer Ehn in Penguins zone.
11:52 of 2nd period - Icing by Dakota Mermis.
11:53 of 2nd period - Christoffer Ehn wins face-off versus Cedric Paquette in Penguins zone.
11:58 of 2nd period - Snap shot by Michael Ferland.
11:58 of 2nd period - Stopped by Connor Hellebyuk with a rebound.
12:05 of 2nd period - Penalty to Teemu Hartikainen is over, Teemu Hartikainen is back on ice.
12:14 of 2nd period - Wrist shot by Kyle Connor.
12:14 of 2nd period - Stopped by Kaapo Kahkonen without a rebound.
12:15 of 2nd period - Adam Brooks wins face-off versus Jacob Josefson in Crunch zone.
12:18 of 2nd period - Snap shot by Anthony Beauvillier.
12:18 of 2nd period - Stopped by Kaapo Kahkonen with a rebound.
12:59 of 2nd period - Double Minor Penalty to Adam Brooks for Roughing.
13:00 of 2nd period - Anthony Cirelli wins face-off versus Cedric Paquette in Penguins zone.
13:09 of 2nd period - Slapshot by Noah Hanifin.
13:09 of 2nd period - Shot Blocked by Dakota Mermis.
13:11 of 2nd period - Slapshot by Roland McKeown.
13:11 of 2nd period - Stopped by Connor Hellebyuk with a rebound.
13:31 of 2nd period - Icing by Denis Gurianov.
13:32 of 2nd period - Jacob Josefson wins face-off versus Cedric Paquette in Crunch zone.
16:59 of 2nd period - Penalty to Adam Brooks is over, Adam Brooks is back on ice.
17:25 of 2nd period - Snap shot by Iven Barbashev.
17:25 of 2nd period - Stopped by Kaapo Kahkonen with a rebound.
17:27 of 2nd period - Snap shot by Denis Malgin.
17:27 of 2nd period - Shot Misses the Net.
17:37 of 2nd period - Slapshot by Gavin Bayreuther.
17:37 of 2nd period - Shot Blocked by Max McCormick.
17:39 of 2nd period - Snap shot by Iven Barbashev.
17:39 of 2nd period - Stopped by Kaapo Kahkonen without a rebound.
17:40 of 2nd period - Eetu Luostarinen wins face-off versus Axel Holmstrom in Crunch zone.
17:51 of 2nd period - Curtis Hamilton is hit by Noah Hanifin and loses puck.
18:08 of 2nd period - Wrist shot by Teemu Hartikainen.
18:08 of 2nd period - Shot Misses the Net.
18:10 of 2nd period - Slapshot by Charles-Olivier Roussel.
18:10 of 2nd period - Shot Blocked by Evan Rodrigues.
18:50 of 2nd period - Minor Penalty to Michael Ferland for Holding.
18:51 of 2nd period - Christoffer Ehn wins face-off versus Cedric Paquette in Crunch zone.
19:03 of 2nd period - Wrist shot by Kyle Connor.
19:03 of 2nd period - Shot Misses the Net.
19:05 of 2nd period - Snap shot by Kyle Connor.
19:05 of 2nd period - Shot Misses the Net.
19:07 of 2nd period - Slapshot by Dakota Mermis.
19:07 of 2nd period - Stopped by Kaapo Kahkonen without a rebound.
19:08 of 2nd period - Christoffer Ehn wins face-off versus Cedric Paquette in Crunch zone.
Goals for this period are 0 for Penguins vs 1 for Crunch.
Shots for this period are 13 for Penguins vs 8 for Crunch.
3rd period
0:01 of 3rd period - Teemu Hartikainen wins face-off versus Cedric Paquette in neutral zone.
0:26 of 3rd period - Andrew O'Brien is hit by Jacob Josefson and loses puck.
0:50 of 3rd period - Penalty to Michael Ferland is over, Michael Ferland is back on ice.
0:53 of 3rd period - Jacob Josefson is hit by Evan Rodrigues and loses puck.
2:13 of 3rd period - Andrew O'Brien is hit by Anthony Cirelli and loses puck.
2:44 of 3rd period - Wrist shot by Charles-Olivier Roussel.
2:44 of 3rd period - Stopped by Connor Hellebyuk without a rebound.
2:45 of 3rd period - Adam Brooks wins face-off versus Axel Holmstrom in Penguins zone.
4:07 of 3rd period - Icing by Anthony Beauvillier.
4:08 of 3rd period - Axel Holmstrom wins face-off versus Cedric Paquette in Penguins zone.
4:13 of 3rd period - Wrist shot by Michael Ferland.
4:13 of 3rd period - Stopped by Connor Hellebyuk with a rebound.
4:19 of 3rd period - Snap shot by Kyle Connor.
4:19 of 3rd period - Deflect By Cedric Paquette.
4:19 of 3rd period - Shot Blocked by Michael Ferland.
4:19 of 3rd period - Puck is out of play.
4:20 of 3rd period - Christoffer Ehn wins face-off versus Cedric Paquette in Crunch zone.
5:12 of 3rd period - Jordan Oesterle is hit by Eetu Luostarinen and loses puck.
5:25 of 3rd period - Slapshot by Jordan Oesterle.
5:25 of 3rd period - Stopped by Connor Hellebyuk without a rebound.
5:26 of 3rd period - Denis Malgin wins face-off versus Christoffer Ehn in Penguins zone.
5:37 of 3rd period - Wrist shot by Sam Kurker.
5:37 of 3rd period - Stopped by Kaapo Kahkonen without a rebound.
5:38 of 3rd period - Christoffer Ehn wins face-off versus Cedric Paquette in Crunch zone.
5:45 of 3rd period - Snap shot by Kyle Connor.
5:45 of 3rd period - Stopped by Kaapo Kahkonen with a rebound.
5:47 of 3rd period - Slapshot by Cedric Paquette.
5:47 of 3rd period - Shot Misses the Net.
5:49 of 3rd period - Slapshot by Matthew Finn.
5:49 of 3rd period - Deflect By Kyle Connor.
5:49 of 3rd period - Shot Blocked by Noah Hanifin.
5:49 of 3rd period - Puck is out of play.
5:50 of 3rd period - Christoffer Ehn wins face-off versus Cedric Paquette in Crunch zone.
6:12 of 3rd period - Icing by Kyle Connor.
6:13 of 3rd period - Adam Brooks wins face-off versus Jacob Josefson in Penguins zone.
6:28 of 3rd period - Snap shot by Iven Barbashev.
6:28 of 3rd period - Stopped by Kaapo Kahkonen with a rebound.
6:38 of 3rd period - Denis Gurianov is hit by Curtis Hamilton and loses puck.
7:03 of 3rd period - Snap shot by Kyle Connor.
7:03 of 3rd period - Stopped by Kaapo Kahkonen without a rebound.
7:04 of 3rd period - Christoffer Ehn wins face-off versus Cedric Paquette in Crunch zone.
7:04 of 3rd period - Christoffer Ehn is hit by Kyle Connor.
8:07 of 3rd period - Danny Biega is hit by Anthony Cirelli and loses puck.
8:18 of 3rd period - Christoffer Ehn is hit by Danny Biega and loses puck.
8:24 of 3rd period - Icing by Sean Walker.
8:25 of 3rd period - Christoffer Ehn wins face-off versus Iven Barbashev in Crunch zone.
8:29 of 3rd period - Off-side.
8:30 of 3rd period - Adam Brooks wins face-off versus Jacob Josefson in neutral zone.
8:37 of 3rd period - Wrist shot by Anthony Beauvillier.
8:37 of 3rd period - Shot Misses the Net.
8:44 of 3rd period - Slapshot by John Marino.
8:44 of 3rd period - Shot Blocked by Brandon Hagel.
8:46 of 3rd period - Wrist shot by Iven Barbashev.
8:46 of 3rd period - Shot Misses the Net.
9:04 of 3rd period - Axel Holmstrom is hit by Curtis Hamilton and loses puck.
9:19 of 3rd period - Wrist shot by Michael Ferland.
9:19 of 3rd period - Stopped by Connor Hellebyuk with a rebound.
10:01 of 3rd period - Wrist shot by Denis Malgin.
10:01 of 3rd period - Stopped by Kaapo Kahkonen without a rebound.
10:02 of 3rd period - Connor Bunnaman wins face-off versus Adam Brooks in Crunch zone.
10:34 of 3rd period - Wrist shot by Denis Gurianov.
10:34 of 3rd period - Shot Misses the Net.
10:36 of 3rd period - Snap shot by Jordan Oesterle.
10:36 of 3rd period - Stopped by Connor Hellebyuk with a rebound.
11:10 of 3rd period - Wrist shot by Iven Barbashev.
11:10 of 3rd period - Stopped by Kaapo Kahkonen with a rebound.
11:30 of 3rd period - John Marino is hit by Axel Holmstrom and loses puck.
11:35 of 3rd period - Slapshot by Joel Vermin.
11:35 of 3rd period - Stopped by Connor Hellebyuk with a rebound.
11:37 of 3rd period - Slapshot by Jordan Oesterle.
11:37 of 3rd period - Deflect By Michael Ferland.
11:37 of 3rd period - Stopped by Connor Hellebyuk without a rebound.
11:38 of 3rd period - Christoffer Ehn wins face-off versus Adam Brooks in Penguins zone.
11:39 of 3rd period - Snap shot by Teemu Hartikainen.
11:39 of 3rd period - Shot Blocked by Andrew O'Brien.
11:41 of 3rd period - Wrist shot by Teemu Hartikainen.
11:41 of 3rd period - Shot Misses the Net.
11:43 of 3rd period - Slapshot by Roland McKeown.
11:43 of 3rd period - Goal by Roland McKeown - Penguins : 3 - Crunch : 3.
11:44 of 3rd period - Christoffer Ehn wins face-off versus Cedric Paquette in neutral zone.
11:54 of 3rd period - Off-side.
11:55 of 3rd period - Cedric Paquette wins face-off versus Anthony Cirelli in neutral zone.
12:33 of 3rd period - Roland McKeown is hit by Kyle Connor and loses puck.
12:46 of 3rd period - Noah Hanifin is hit by Kyle Connor and loses puck.
12:53 of 3rd period - Snap shot by Cedric Paquette.
12:53 of 3rd period - Stopped by Kaapo Kahkonen without a rebound.
12:54 of 3rd period - Adam Brooks wins face-off versus Christoffer Ehn in Crunch zone.
13:06 of 3rd period - Minor Penalty to Jordan Oesterle for Interference.
13:07 of 3rd period - Christoffer Ehn wins face-off versus Adam Brooks in Crunch zone.
13:28 of 3rd period - Icing by Iven Barbashev.
13:29 of 3rd period - Christoffer Ehn wins face-off versus Adam Brooks in Penguins zone.
13:30 of 3rd period - Snap shot by Teemu Hartikainen.
13:30 of 3rd period - Shot Misses the Net.
13:44 of 3rd period - Wrist shot by Anthony Beauvillier.
13:44 of 3rd period - Stopped by Kaapo Kahkonen with a rebound.
13:46 of 3rd period - Slapshot by Dakota Mermis.
13:46 of 3rd period - Stopped by Kaapo Kahkonen without a rebound.
13:47 of 3rd period - Cedric Paquette wins face-off versus Christoffer Ehn in Crunch zone.
15:06 of 3rd period - Penalty to Jordan Oesterle is over, Jordan Oesterle is back on ice.
15:58 of 3rd period - Slapshot by Charles-Olivier Roussel.
15:58 of 3rd period - Shot Blocked by Danny Biega.
16:00 of 3rd period - Wrist shot by Rem Pitlick.
16:00 of 3rd period - Shot Misses the Net.
17:08 of 3rd period - Minor Penalty to Cedric Paquette for High sticking.
17:09 of 3rd period - Iven Barbashev wins face-off versus Christoffer Ehn in Penguins zone.
17:09 of 3rd period - Iven Barbashev is hit by Jordan Oesterle.
17:18 of 3rd period - Off-side.
17:19 of 3rd period - Christoffer Ehn wins face-off versus Iven Barbashev in neutral zone.
17:21 of 3rd period - Off-side.
17:22 of 3rd period - Iven Barbashev wins face-off versus Christoffer Ehn in neutral zone.
17:27 of 3rd period - Wrist shot by Iven Barbashev.
17:27 of 3rd period - Stopped by Kaapo Kahkonen with a rebound.
18:12 of 3rd period - Icing by Jeremy Lauzon.
18:13 of 3rd period - Christoffer Ehn wins face-off versus Iven Barbashev in Crunch zone.
19:08 of 3rd period - Penalty to Cedric Paquette is over, Cedric Paquette is back on ice.
Goals for this period are 0 for Penguins vs 1 for Crunch.
Shots for this period are 10 for Penguins vs 8 for Crunch.
Overtime #1
0:01 of 1st overtime period - Cedric Paquette wins face-off versus Teemu Hartikainen in neutral zone.
2:54 of 1st overtime period - Eetu Luostarinen is hit by Axel Holmstrom and loses puck.
3:11 of 1st overtime period - Snap shot by Jacob Josefson.
3:11 of 1st overtime period - Deflect By Dakota Mermis.
3:11 of 1st overtime period - Shot Blocked by Andrew O'Brien.
3:11 of 1st overtime period - Puck is out of play.
3:12 of 1st overtime period - Jacob Josefson wins face-off versus Adam Brooks in Penguins zone.
3:21 of 1st overtime period - Snap shot by Anthony Cirelli.
3:21 of 1st overtime period - Stopped by Connor Hellebyuk without a rebound.
3:22 of 1st overtime period - Christoffer Ehn wins face-off versus Cedric Paquette in Penguins zone.
3:31 of 1st overtime period - Slapshot by Jeremy Lauzon.
3:31 of 1st overtime period - Stopped by Connor Hellebyuk without a rebound.
3:32 of 1st overtime period - Cedric Paquette wins face-off versus Christoffer Ehn in Penguins zone.
3:32 of 1st overtime period - Cedric Paquette is hit by Jordan Oesterle.
3:40 of 1st overtime period - Wrist shot by Cedric Paquette.
3:40 of 1st overtime period - Shot Misses the Net.
3:42 of 1st overtime period - Slapshot by Kyle Connor.
3:42 of 1st overtime period - Shot Misses the Net.
4:08 of 1st overtime period - Slapshot by Cedric Paquette.
4:08 of 1st overtime period - Goal by Cedric Paquette - Penguins : 4 - Crunch : 3.
Goals for this period are 1 for Penguins vs 0 for Crunch.
Shots for this period are 1 for Penguins vs 2 for Crunch.
Output by the SimonT Hockey Simulator (STHS) for Francois Prevost